 Dungeon Crawl Stone Soup version 0.14-a0-2950-gbe29d66 (webtiles) character file.

2073 Kae the Basher (level 8, -8/64 HPs)
             Began as a Minotaur Berserker on Mar 4, 2014.
             Was an Elder of Trog.
             Mangled by an ogre
             ... wielding a +0,+0 giant spiked club
              (10 damage)
             ... on Level 6 of the Dungeon.
             The game lasted 00:08:22 (4840 turns).

Kae the Basher (Minotaur Berserker)                 Turns: 4840, Time: 00:08:22

HP  -8/64        AC  7     Str 22      XL: 8   Next: 89%
MP   3/3         EV 10     Int  7      God: Trog [****..]
Gold 218         SH  0     Dex 13      Spells:  0 memorised,  7 levels left

rFire  + . .     SeeInvis .     a - +1 mace (curse)
rCold  . . .     Clarity  .     m - +1 ring mail {rF+}
rNeg   . . .     Conserve .     (no shield)
rPois  .         rCorr    .     (helmet restricted)
rElec  .         rRot     .     (no cloak)
SustAb . .       Spirit   .     (no gloves)
rMut   .         Warding  .     (no boots)
Saprov . . .     Stasis   .     (no amulet)
MR     ++...                    r - +1 ring of intelligence
                                n - +3 ring of dexterity

@: regenerating, very slightly contaminated, very resistant to hostile
enchantments, extremely unstealthy
A: retaliatory headbutt, horns 2, icy blue scales 1, mutation resistance 1, wild
magic 1
a: Burn Spellbooks, Berserk, Trog's Hand, Brothers in Arms, Renounce Religion


You were on level 6 of the Dungeon.
You worshipped Trog.
Trog was greatly pleased with you.
You were very hungry.

You visited 1 branch of the dungeon, and saw 6 of its levels.
You also visited: Sewer.

You collected 255 gold pieces.
You spent 37 gold pieces at shops.

Inventory:

Hand weapons
 a - a cursed +1,+1 mace (weapon)
Armour
 b - a +0 animal skin
 i - a -1 pair of gloves
 m - a +1 ring mail of fire resistance (worn)
Magical devices
 j - a wand of cold (10) {unknown}
 C - a wand of frost (7) {unknown}
Comestibles
 c - 4 bread rations
 d - a meat ration
 D - a snozzcumber
 F - a choko
 H - an apple
Scrolls
 f - 4 scrolls of identify
 h - 2 scrolls of blinking
 o - 6 scrolls of enchant weapon I
 s - a scroll of enchant weapon II
 t - 2 scrolls of teleportation
 u - 2 scrolls of fog
 v - 3 scrolls of recharging
 y - 2 scrolls of remove curse
 G - a scroll of enchant armour {unknown}
Jewellery
 k - a +4 ring of intelligence
 n - a +3 ring of dexterity (left hand)
 p - an uncursed ring of protection from cold {unknown}
 r - a +1 ring of intelligence (right hand)
 z - an uncursed ring of teleport control {unknown}
Potions
 e - a potion of lignification
 g - a potion of agility
 l - a potion of beneficial mutation
 q - a potion of brilliance
 w - 4 potions of curing
 x - a potion of cure mutation
 A - 3 potions of flight
 B - a potion of heal wounds


   Skills:
 - Level 3.6 Fighting
 + Level 13.6 Maces & Flails
 - Level 2.4 Armour
 - Level 2.1 Dodging


You had 7 spell levels left.
You didn't know any spells.

Dungeon Overview and Level Annotations

Branches:
Dungeon (6/16)             Temple (0/1) D:5

Altars:
Ashenzari
Dithmenos
Kikubaaqudgha
Okawaru
Sif Muna
Vehumet

Shops:
D:5 (   D:6 *


Innate Abilities, Weirdness & Mutations

You reflexively headbutt those who attack you in melee.
You have a pair of horns on your head.
You are partially covered in icy blue scales (AC +1).
You are somewhat resistant to further mutation.
Your spells are a little harder to cast, but a little more powerful.


Message History

The giant frog hits you but does no damage.
The ogre misses you.
You sock the giant frog!
You kill the giant frog!
Trog accepts your kill.
Use which ability? (? or * to list) Use which ability? (? or * to list) Use which ability? (? or * to list) You're too hungry to go berserk.
Unknown command.
You hit the ogre. You headbutt the ogre!
The ogre is moderately wounded.
You sock the ogre!
The ogre is severely wounded.
The ogre hits you with a giant spiked club!
* * * LOW HITPOINT WARNING * * *
You completely miss the ogre.
The ogre is severely wounded.
The ogre hits you with a giant spiked club!
You die...

#..>....# #.. #.####..# #.. #.
..# #.. ######. +..# #.. .......
#..# #.. ........####..# #..
..............# ..........f...#
..........@...# #..
........)O....###########..
..........))..............#
#..........................#
#..........%....>..........#
######..........................#
...........#############........#
...........# #........#
...........# #...[.∩...


You could see an ogre and an active ballistomycete.

Vanquished Creatures
  The ghost of runewalsh the Covert, an experienced OpWz of Nemelex Xobeh (D:6)
  Menkaure (D:4)
  4 ogres
  A centaur (D:6)
  A big kobold (Sewer)
  A giant frog (D:6)
  Dowan (D:6)
  2 goliath beetles
  4 hounds
  3 crimson imps
  A centaur skeleton (D:4)
  An orc wizard (D:4)
  2 worker ants (D:4)
  2 big fish
  An orc priest (D:5)
  2 scorpions
  An iguana (D:4)
  An ogre zombie (D:6)
  Ijyb (D:2)
  Jessica (D:2)
  A crocodile skeleton (D:6)
  8 adders
  3 worms
  2 giant geckos
  2 oozes
  12 orcs
  A ball python (D:2)
  8 bats
  4 giant cockroaches
  7 hobgoblins
  6 jackals
  7 kobolds
  A giant gecko skeleton (D:6)
  3 giant newts
  10 goblins
  6 quokkas
  18 rats
  A rat zombie (D:6)
  A ballistomycete (D:6)
133 creatures vanquished.

Vanquished Creatures (others)
  A goblin (D:1)
  A giant spore (D:6)
2 creatures vanquished.

Grand Total: 135 creatures vanquished

Notes
Turn   | Place    | Note
--------------------------------------------------------------
     0 | D:1      | Kae, the Minotaur Berserker, began the quest for the Orb.
     0 | D:1      | Reached XP level 1. HP: 19/19 MP: 1/1
    92 | D:1      | Reached skill level 4 in Maces & Flails
   387 | D:1      | Reached XP level 2. HP: 20/26 MP: 1/1
   637 | D:2      | Acquired Trog's second power
   637 | D:2      | Reached skill level 5 in Maces & Flails
   673 | D:2      | Reached XP level 3. HP: 28/31 MP: 2/2
   837 | D:2      | Noticed Ijyb
   848 | D:2      | Killed Ijyb
   848 | D:2      | Reached XP level 4. HP: 25/39 MP: 2/2
   952 | D:2      | Reached skill level 6 in Maces & Flails
  1062 | D:2      | Noticed Jessica
  1065 | D:2      | Killed Jessica
  1725 | D:3      | Reached XP level 5. HP: 40/45 MP: 2/2
  1900 | D:4      | Noticed an ogre
  1908 | D:4      | Killed an ogre
  1908 | D:4      | Reached skill level 7 in Maces & Flails
  1983 | D:4      | Reached skill level 8 in Maces & Flails
  2064 | D:4      | Reached XP level 6. HP: 43/51 MP: 3/3
  2104 | D:4      | Found a glowing drain.
  2133 | Sewer    | Entered a sewer
  2201 | Sewer    | Reached skill level 9 in Maces & Flails
  2371 | Sewer    | Found a white marble altar of Elyvilon.
  2431 | Sewer    | Gained mutation: Your spells are a little harder to cast, but a little more powerful. [potion of beneficial mutation]
  2433 | Sewer    | Gained mutation: You are partially covered in icy blue scales (AC +1). [potion of mutation]
  2433 | Sewer    | Gained mutation: You are somewhat resistant to further mutation. [potion of mutation]
  2502 | D:4      | Reached XP level 7. HP: 48/57 MP: 3/3
  2745 | D:4      | Acquired Trog's third power
  2849 | D:4      | Noticed Menkaure
  2877 | D:4      | Killed Menkaure
  2877 | D:4      | Reached skill level 10 in Maces & Flails
  3002 | D:5      | Entered Level 5 of the Dungeon
  3075 | D:5      | Found an iron altar of Okawaru.
  3131 | D:5      | Reached skill level 11 in Maces & Flails
  3898 | D:5      | Found Tyamoev's Weapon Shop.
  3922 | D:5      | Reached XP level 8. HP: 60/64 MP: 3/3
  3980 | D:5      | Found a staircase to the Ecumenical Temple.
  4064 | D:5      | Found a shadowy altar of Dithmenos.
  4066 | D:5      | Found a radiant altar of Vehumet.
  4067 | D:5      | Found a shattered altar of Ashenzari.
  4068 | D:5      | Found an ancient bone altar of Kikubaaqudgha.
  4071 | D:5      | Found a deep blue altar of Sif Muna.
  4369 | D:6      | Noticed runewalsh's ghost (experienced OpWz)
  4391 | D:6      | Killed runewalsh's ghost
  4391 | D:6      | Reached skill level 12 in Maces & Flails
  4704 | D:6      | Found Wauplob's Assorted Antiques.
  4718 | D:6      | Bought 2 slimy black potions for 37 gold pieces
  4770 | D:6      | Noticed Duvessa
  4774 | D:6      | Noticed Dowan
  4783 | D:6      | Noticed Duvessa
  4783 | D:6      | Duvessa changed into Duvessa the ogre
  4784 | D:6      | Killed Duvessa the ogre
  4784 | D:6      | Reached skill level 13 in Maces & Flails
  4799 | D:6      | Killed Dowan
  4839 | D:6      | HP: 1/64 [ogre/giant spiked club (20)]
  4840 | D:6      | Mangled by an ogre

Action                   |  1- 3 |  4- 6 |  7- 9 || total
-------------------------+-------+-------+-------++-------
Melee: Mace              |    71 |   138 |   238 ||   447
Invok: Burn Spellbooks   |       |     1 |     1 ||     2
       Trog's Hand       |       |     1 |     5 ||     6
       Berserk           |       |     1 |     1 ||     2
  Use: Scroll            |       |    13 |       ||    13
       Potion            |       |     7 |     3 ||    10
 Stab: Invisible         |       |       |     5 ||     5
